 Dungeon Crawl Stone Soup version 0.26.0-10-g1f06aea511 (webtiles) character file.

Game seed: 14130517735542055830

98058 Goblin1989 the Bludgeoner (level 15, -8/108 HPs)
             Began as a Demonspawn Delver on Jan 24, 2021.
             Was the Champion of Hepliaklqana.
             Killed by divine providence
             ... invoked by an orc priest
              (12 damage)
             ... on level 2 of the Orcish Mines.
             The game lasted 00:53:36 (28123 turns).

Goblin1989 the Bludgeoner (Demonspawn Delver)      Turns: 28123, Time: 00:53:36

Health: -8/108     AC: 19    Str: 18    XL:     15   Next: 73%
Magic:  23/23      EV: 28    Int: 12    God:    Hepliaklqana [******]
Gold:   1799       SH:  6    Dex: 15    Spells: 14/14 levels left

rFire    + . .     SeeInvis .   a - +7 great mace "Undeadhunter" {disrupt, rN+}
rCold    + . .     Faith    .   (shield currently unavailable)
rNeg     + . .     Spirit   .   s - +0 chain mail
rPois    +         Reflect  .   l - +1 hat
rElec    .         Harm     .   x - +2 cloak {rPois}
rCorr    .         Rampage  .   w - +0 pair of gloves
Will     +....                  z - +0 pair of boots
Stlth    ..........             i - amulet of Juuplead {Acrobat rPois}
HPRegen  0.28/turn              K - ring of protection from fire
MPRegen  0.18/turn              c - ring of protection from cold

@: lethally poisoned (-8 -> -27), acrobat
A: reduced essence, horns 2, large bone plates 2, powered by death 1, spiny 3,
augmentation 1
a: Renounce Religion, Recall Ancestor, Ancestor Identity, Transference, Idealise


You were on level 2 of the Orcish Mines.
You worshipped Hepliaklqana.
Hepliaklqana was exalted by your worship.
You visited 4 branches of the dungeon, and saw 23 of its levels.
You also visited: Sewer.

You collected 2326 gold pieces.
You spent 527 gold pieces at shops.

Inventory:

Hand Weapons
 a - the +7 great mace "Undeadhunter" (weapon) {disrupt, rN+}
   (You took it off an orc wizard on level 12 of the Dungeon)

   It protects you from negative energy.
Missiles
 k - 9 javelins {@Q2}
 y - 15 boomerangs
 A - 71 poisoned darts (quivered)
 I - 5 boomerangs of dispersal
 W - 5 silver javelins {@Q2}
 Y - 8 silver boomerangs
 Z - 2 throwing nets {!d , @Q1}
Armour
 j - a scarf of repulsion
 l - a +1 hat (worn)
 s - a +0 chain mail (worn)
 w - a +0 pair of gloves (worn)
 x - a +2 cloak of poison resistance (worn)
 z - a +0 pair of boots (worn)
Magical Staves
 t - an uncursed staff of air
Jewellery
 c - a ring of protection from cold (right hand)
 f - an uncursed ring of protection from fire
 g - an uncursed ring of resist corrosion
 i - the amulet of Juuplead (around neck) {Acrobat rPois}
   (You bought it in a shop on level 7 of the Dungeon)

   [amulet of the acrobat]

   It helps you evade while moving and waiting.
   It protects you from poison.
 o - an uncursed ring of poison resistance
 K - a ring of protection from fire (left hand)
 L - an uncursed ring of positive energy
Wands
 e - a wand of disintegration (7)
 q - a wand of digging (3) {@v1}
 v - a wand of iceblast (31) {@v4}
 C - a wand of paralysis (20) {@v7}
 H - a wand of acid (23) {@v2}
Scrolls
 d - a scroll of summoning
 p - 4 scrolls of immolation
 u - 5 scrolls of enchant armour
 B - 5 scrolls of blinking
 G - 4 scrolls of fog
 J - 2 scrolls of fear
 M - 4 scrolls of magic mapping
 N - 8 scrolls of enchant weapon
 P - 10 scrolls of remove curse {@r3}
 R - 7 scrolls of identify {@r1}
 T - 14 scrolls of teleportation {!r, @r2}
Potions
 b - a potion of berserk rage
 m - 3 potions of resistance {@q6}
 n - 7 potions of curing {@q1}
 D - 5 potions of flight
 E - 2 potions of attraction
 F - a potion of magic
 Q - 5 potions of heal wounds
 S - 4 potions of lignification
 U - a potion of mutation {!q}
 V - 5 potions of might {@q4}
 X - 2 potions of haste {@q3,}
Miscellaneous
 O - a phial of floods


   Skills:
 + Level 12.1 Fighting
 * Level 15.7 Maces & Flails
 - Level 3.0 Throwing
 + Level 10.8 Armour
 + Level 11.0 Dodging
 - Level 4.5 Stealth
 - Level 4.0 Shields
 + Level 10.9 Invocations


You had 14 spell levels left.
You didn't know any spells.
Your spell library contained the following spells:

 Spells                   Type           Power        Failure   Level
 Animate Skeleton         Necr           0%           95%         1
 Pain                     Necr           0%           95%         1
 Sting                    Tmut/Pois      0%           95%         1
 Corpse Rot               Necr/Air       N/A          99%         2
 Poisonous Vapours        Pois/Air       0%           99%         2
 Frozen Ramparts          Ice            0%           100%        3
 Ignite Poison            Fire/Tmut/Pois 0%           100%        3
 Mephitic Cloud           Conj/Pois/Air  0%           100%        3
 Stone Arrow              Conj/Erth      0%           100%        3
 Vampiric Draining        Necr           0%           100%        3
 Animate Dead             Necr           0%           100%        4
 Olgreb's Toxic Radiance  Pois           0%           100%        4
 Summon Ice Beast         Ice/Summ       0%           100%        4
 Agony                    Necr           0%           100%        5
 Metabolic Englaciation   Hex/Ice        0%           100%        5
 Summon Forest            Summ/Tloc      0%           100%        5
 Eringya's Noxious Bog    Tmut/Pois      0%           100%        6
 Hydra Form               Tmut           0%           100%        6
 Ozocubu's Refrigeration  Ice            0%           100%        6
 Summon Hydra             Summ           0%           100%        7


Dungeon Overview and Level Annotations

Branches:
Dungeon (14/15)            Temple (1/1) D:4            Lair (6/6) D:8
 Shoals (0/4) Lair:2       Spider (0/4) Lair:2        Slime (0/5) Lair:5
    Orc (2/2) D:11         Vaults (0/5) D:13          Sewer (visited)
    Elf: Orc:2

Altars:
Ashenzari
Cheibriados
Dithmenos
Elyvilon
Fedhas
Gozag
Hepliaklqana
Kikubaaqudgha
Makhleb
Nemelex Xobeh
Okawaru
Qazlal
Ru
Sif Muna
Trog
Uskayaw
Vehumet
Wu Jian
Xom
Yredelemnul
Zin
The Shining One
Jiyva

Shops:
D:4 (   D:5 (   D:6 :   D:7 *   D:11 (

Annotations:
D:10 exclusion: 2 statues
D:13 2 transporters, Gasan's ghost, journeyman DrFE
Lair:4 exclusion: 3 oklob plants
Lair:6 exclusion: oklob plant
Orc:2 Nessos


Innate Abilities, Weirdness & Mutations

You have a pair of horns on your head.
You are mostly covered in large bone plates. (SH +6)
You regenerate a little health from kills.
You are completely covered in sharp spines.
Your magical and physical power is slightly enhanced at high health.
Your life essence is reduced to manifest your ancestor. (-10% HP)


Message History

The orc knight is heavily wounded.
Nessos shoots an arrow.
The arrow closely misses you.
Nessos shoots an arrow.
The arrow hits you but does no damage.
The orc knight hits you but does no damage.
The orc warrior is struck by your spines.
The orc warrior closely misses you.
The orc warrior is struck by your spines.
The orc warrior hits you with a +0 short sword!
You take 9 damage, and have 69/108 hp.
Unknown command.
You bludgeon the orc knight!!
The orc knight is almost dead.
Nessos shoots an arrow.
The arrow hits you! The arrow burns you.
The orc priest enters a dispersal trap!
The orc blinks!
The ogre blinks!
Nessos blinks!
The orc knight blinks!
The orc blinks!
The orc warrior blinks! x3
The ogre blinks!
The orc warrior blinks! x3; The orc blinks! x2; You blink.
The orc priest blinks!
You take 8 damage, and have 61/108 hp.
Unknown command.
You are too injured to fight recklessly!
Unknown command.
You are too injured to fight recklessly!
Unknown command.
You are too injured to fight recklessly!
Unknown command.
You are too injured to fight recklessly!
Unknown command.
The orc priest looks braver for a moment.
The orc warrior is struck by your spines.
The orc warrior completely misses you.
The orc knight enters a dispersal trap!
The orc warrior blinks!
The ogre blinks!
The orc blinks!
The orc warrior blinks!
The orc blinks!
The orc warrior blinks!
You blink.
The orc knight blinks!
The orc priest looks encouraged for a moment.
The orc warrior enters a dispersal trap!
The ogre blinks! x2; The orc warrior blinks! x3; The orc knight blinks!
The ogre blinks!
The orc priest blinks! x2; The orc knight blinks!
The orc blinks!
The orc warrior blinks!
Nessos blinks!
You blink.
The orc warrior blinks!
Nessos shoots an arrow.
The arrow misses you.
The orc warrior hits you but does no damage.
Nessos shoots an arrow.
The arrow hits you!
You see here 2 arrows.
You take 11 damage, and have 50/108 hp.
The orc no longer looks unusually strong.
Nessos blinks!
The orc knight roars a battlecry!
The orc goes into a battle-frenzy!
The orc priest calls upon Beogh to heal the orc knight.
The orc knight is healed somewhat.
The orc warrior closely misses you.
The orc warrior is struck by your spines.
The orc warrior hits you with a +0 short sword!
* * * LOW HITPOINT WARNING * * *
You take 8 damage, and have 42/108 hp.
The orc warrior is struck by your spines.
The orc warrior misses you.
You hit the orc knight but do no damage.
The orc knight is almost dead.
Nessos blinks!
The orc warrior barely misses you. You block the orc warrior's attack.
The ogre enters a dispersal trap!
The orc priest blinks!
The orc blinks!
The orc warrior blinks!
The orc knight blinks!
The orc warrior blinks!
The ogre blinks!
The orc warrior blinks!
The orc blinks!
The orc warrior blinks! x2
Nessos blinks!
The ogre blinks! x2; The orc warrior blinks!
You blink.
The ogre blinks!
You completely miss the orc.
Nessos shoots an arrow.
The arrow barely misses you. You block the orc's attack.
You hit the orc.
The orc is lightly wounded.
The orc priest no longer looks unusually strong.
The orc warrior no longer looks unusually strong.
Nessos shoots an arrow.
The arrow hits you!!
* * * LOW HITPOINT WARNING * * *
The arrow burns you.
You are lethally poisoned!
* * * LOW HITPOINT WARNING * * *
You block the orc priest's attack. The ogre hits you but does no damage.
You take 23 damage, and have 20/108 hp.
MASSIVE DAMAGE!!
You completely miss the orc. You headbutt the orc.
The orc is heavily wounded.
* * * LOW HITPOINT WARNING * * *
You feel very sick. The orc is struck by your spines.
You kill the orc!
The orc priest is struck by your spines.
The orc priest hits you but does no damage.
Nessos blinks!
You take 2 damage, and have 18/108 hp.
* * * LOW HITPOINT WARNING * * *
You feel sick.
The orc warrior no longer looks unusually strong. x2
Nessos blinks!
You block the orc knight's attack. The ogre is struck by your spines.
The ogre barely misses you.
Nessos shoots an arrow.
The arrow hits you!
* * * LOW HITPOINT WARNING * * *
The arrow burns you.
* * * LOW HITPOINT WARNING * * *
The orc priest calls down the wrath of Beogh upon you.
Beogh smites you!
You die... █ ██ ███ ██████

█.██.██.███....██
.........█.(....████
.. █..█.........█..█
.o.█....o.o(Oo......
.....o.o.█.@o......█
.......O...<.......█
......o..^..........
§.....c(.......█.█.█
......§.........$...
.o.§...........█.█..
.......§..........█.
..█████████████████
.


You could see Nessos (fast), an orc knight, 2 orc warriors, 2 ogres, an orc
priest and an orc.

Vanquished Creatures
  Gastronok (Lair:2)
  A very ugly thing (D:12)
  Azrael (D:14)
  An ettin (D:13)
  Snorg (D:13)
  2 ogre magi (D:12)
  7 hydras
  An ice dragon (D:13)
  2 boulder beetles (D:12)
  A centaur warrior (D:13)
  A catoblepas (Lair:6)
  6 death yaks
  4 two-headed ogres
  Urug (D:10)
  A fire crab (shapeshifter) (D:12)
  4 unseen horrors
  2 lindwurms (Lair:6)
  5 cyclopes
  An orc knight (D:11)
  13 ugly things
  A deep elf mage (D:12)
  4 manticores
  6 elephants
  A black mamba (shapeshifter) (D:13)
  7 black mambas
  2 gargoyles
  10 cane toads
  A torpor snail (Lair:5)
  An efreet (D:14)
  2 rime drakes
  8 komodo dragons
  2 freezing wraiths
  2 trolls
  2 jumping spiders (Lair:2)
  18 polar bears
  2 raiju (Lair:6)
  6 blink frogs
  8 slime creatures
  2 hornets
  2 dream sheep (Lair:6)
  A wraith (D:14)
  2 shadows
  41 yaks
  4 wyverns
  2 fire elementals (D:14)
  3 wargs
  9 water moccasins
  An acid dragon (D:13)
  15 hell hounds
  9 orc warriors
  4 sky beasts
  10 black bears
  4 ice beasts
  A phantom (D:12)
  A necrophage (D:10)
  5 ogres
  33 wolves
  8 centaurs
  A big kobold (D:12)
  17 bullfrogs
  3 killer bees (D:13)
  5 scorpions
  2 howler monkeys
  8 wights
  An electric eel (D:7)
  2 quasits
  3 centaur zombies
  A centaur skeleton (D:9)
  9 orc priests
  4 bullfrog skeletons (D:13)
  3 hounds
  5 iguanas
  A jelly (D:6)
  9 orc wizards
  Jessica (D:2)
  12 worker ants
  2 killer bee zombies
  2 big kobold zombies (Sewer)
  A bullfrog simulacrum (D:12)
  5 gnolls
  A worker ant zombie (D:8)
  2 river rats
  11 adders
  2 shadow imps (D:8)
  2 ufetubi
  2 adder skeletons
  A dart slug (D:1)
  6 leopard geckos
  52 orcs
  A bat (D:1)
  5 giant cockroaches
  5 goblins
  10 hobgoblins
  7 jackals
  2 quokkas
  A ball python (D:6)
  6 frilled lizards
  A jackal skeleton (D:4)
  29 kobolds
  A kobold zombie (Sewer)
  A leopard gecko zombie (D:8)
  7 rats
548 creatures vanquished.

Vanquished Creatures (collateral kills)
  Kirke (Lair:6)
  An orc warlord (Orc:1)
  A dire elephant (Lair:6)
  A boulder beetle (D:12)
  A hydra (Lair:3)
  3 centaur warriors
  A catoblepas (Lair:4)
  A death yak (Lair:6)
  Nergalle (Lair:2)
  An unseen horror (D:12)
  A glowing orange brain (shapeshifter) (D:13)
  A phantasmal warrior (D:13)
  3 ugly things
  A manticore (D:13)
  A black mamba (Lair:2)
  A centaur zombie (D:14)
  4 cane toads
  4 komodo dragons
  A troll (D:10)
  A jumping spider (Lair:2)
  Grinder (Sewer)
  3 polar bears
  3 blink frogs (Lair:2)
  2 slime creatures (D:14)
  A shadow (D:12)
  16 yaks
  3 hogs (Lair:6)
  A basilisk (D:12)
  2 wargs (Lair:6)
  A water moccasin (Lair:6)
  2 swamp drakes (Lair:6)
  4 hell hounds (Lair:6)
  5 orc warriors
  2 sky beasts
  An ice beast (D:13)
  A phantom (D:6)
  3 black bears (Lair:6)
  5 ogres
  7 wolves
  A centaur (D:7)
  A necrophage (D:7)
  2 big kobolds
  3 bullfrogs
  A wight (D:14)
  2 quasits
  2 orc priests (Orc:1)
  A hound (D:4)
  An iguana (D:6)
  A hell rat (D:8)
  3 worker ants
  A big kobold zombie (Sewer)
  A hound zombie (D:6)
  3 adders
  2 shadow imps
  An ooze (Sewer)
  An ufetubus (Sewer)
  3 leopard geckos
  9 orcs
  3 giant cockroaches
  A goblin (D:2)
  2 jackals (D:2)
  2 quokkas
  A ball python (D:6)
  5 kobolds
146 creatures vanquished.

Vanquished Creatures (others)
  A human (Lair:6)
  A hell hound (D:14)
  A black bear (Lair:6)
  An ooze (Sewer)
  24 battlemagi
  A kobold zombie (Sewer)
  19 fungi
  60 plants
108 creatures vanquished.

Grand Total: 802 creatures vanquished

Notes
Turn   | Place    | Note
-------+----------+-------------------------------------------
     0 | D:5      | Goblin1989 the Demonspawn Delver began the quest for the
                  | Orb.
     0 | D:5      | Reached XP level 1. HP: 18/18 MP: 1/1
    20 | D:5      | Found a blossoming altar of Fedhas.
    44 | D:5      | Reached skill level 2 in Maces & Flails
   373 | D:4      | Found Zainacoi's Weapon Shop.
   473 | D:3      | Gained mutation: You have a pair of small horns on your
                  | head. [demonic ancestry]
   473 | D:3      | Reached XP level 2. HP: 24/24 MP: 2/2
   575 | D:3      | You fall into a shaft and drop 2 floors!
   575 | D:5      | Noticed an ogre
   590 | D:5      | Found a radiant altar of Vehumet.
   673 | D:4      | Found a staircase to the Ecumenical Temple.
   680 | D:4      | Reached skill level 3 in Maces & Flails
   680 | D:4      | Gained mutation: You are partially covered in large bone
                  | plates. (SH +4) [demonic ancestry]
   680 | D:4      | Reached XP level 3. HP: 24/29 MP: 3/3
   690 | Temple   | Entered the Ecumenical Temple
   779 | Temple   | Became a worshipper of Hepliaklqana the Forgotten
  1479 | D:1      | Reached * piety under Hepliaklqana
  1488 | D:1      | Reached XP level 4. HP: 31/31 MP: 4/4
  1509 | D:1      | Reached skill level 4 in Maces & Flails
  2231 | D:2      | Noticed Jessica
  2245 | D:2      | Killed Jessica
  2329 | D:2      | Found a sparkling altar of Nemelex Xobeh.
  2335 | D:2      | Found a glowing silver altar of Zin.
  2337 | D:2      | Found an iron altar of Okawaru.
  2860 | D:3      | Gained mutation: You regenerate a little health from kills.
                  | [demonic ancestry]
  2860 | D:3      | Reached XP level 5. HP: 36/36 MP: 5/5
  3135 | D:3      | Found a blossoming altar of Fedhas.
  3154 | D:3      | Reached skill level 5 in Maces & Flails
  3283 | D:2      | Found a stormy altar of Qazlal.
  3283 | D:2      | Found a white marble altar of Elyvilon.
  3551 | D:4      | Reached ** piety under Hepliaklqana
  3552 | D:4      | Remembered your ancestor Ferran as a battlemage
  3943 | D:5      | Noticed an ice beast
  3953 | D:5      | Killed an ice beast
  3954 | D:5      | Reached skill level 6 in Maces & Flails
  3954 | D:5      | Reached XP level 6. HP: 24/42 MP: 6/6
  4074 | D:5      | Found a broken altar of Ashenzari.
  4102 | D:5      | Found Wuwn's Antique Weapon Boutique.
  4917 | D:6      | Reached skill level 1 in Armour
  4917 | D:6      | Gained mutation: You have a pair of horns on your head.
                  | [demonic ancestry]
  4917 | D:6      | Reached XP level 7. HP: 42/46 MP: 5/7
  4961 | D:6      | Found a glowing drain.
  4965 | Sewer    | Entered a sewer
  5207 | Sewer    | Found a burning altar of Makhleb.
  5405 | Sewer    | Noticed Grinder
  5425 | Sewer    | Killed Grinder
  5426 | Sewer    | Reached skill level 7 in Maces & Flails
  5680 | Sewer    | Gained mutation: You are mostly covered in large bone
                  | plates. (SH +6) [demonic ancestry]
  5680 | Sewer    | Reached XP level 8. HP: 29/54 MP: 4/8
  6179 | D:6      | Found Ytag's Book Boutique.
  6356 | D:6      | Found a bloodstained altar of Trog.
  6709 | D:6      | Reached skill level 8 in Maces & Flails
  6772 | D:6      | Reached *** piety under Hepliaklqana
  6964 | D:6      | Reached skill level 5 in Fighting
  7147 | D:7      | Found a stormy altar of Qazlal.
  7449 | D:7      | Found a glowing golden altar of the Shining One.
  7486 | D:7      | Gained mutation: You are partially covered in sharp spines.
                  | [demonic ancestry]
  7486 | D:7      | Reached XP level 9. HP: 61/61 MP: 9/9
  7913 | D:7      | Found a stormy altar of Qazlal.
  8029 | D:7      | Found Seronluv's Assorted Antiques.
  8218 | D:7      | Found a burning altar of Makhleb.
  8396 | D:8      | Noticed a death yak
  8660 | D:5      | Bought a brightly glowing morningstar for 261 gold pieces
  8660 | D:5      | Identified the +2 morningstar "Utaeff" {protect, Int+4}
                  | (You bought it in a shop on level 5 of the Dungeon)
  8800 | D:8      | Reached skill level 9 in Maces & Flails
  8952 | D:8      | Noticed a death yak
  8976 | D:8      | Noticed a death yak
  9046 | D:7      | Reached skill level 5 in Dodging
  9272 | D:8      | Noticed a two-headed ogre
  9369 | D:8      | Killed a two-headed ogre
  9413 | D:8      | Reached **** piety under Hepliaklqana
  9420 | D:8      | Found a staircase to the Lair.
  9470 | Lair:1   | Entered Level 1 of the Lair of Beasts
  9473 | Lair:1   | Reached skill level 5 in Armour
  9543 | Lair:1   | Noticed a polar bear
  9548 | Lair:1   | Killed a polar bear
  9549 | Lair:1   | Gained mutation: You are mostly covered in sharp spines.
                  | [demonic ancestry]
  9549 | Lair:1   | Reached XP level 10. HP: 69/69 MP: 10/10
  9690 | Lair:1   | Reached skill level 10 in Maces & Flails
  9871 | Lair:1   | Got a bloodstained war axe
  9872 | Lair:1   | Identified the +6 war axe of Wuwuaxtoseet {freeze, +Inv
                  | Stlth+} (You found it on level 1 of the Lair of Beasts)
 10077 | Lair:1   | Noticed a cane toad
 10082 | Lair:1   | Killed a cane toad
 10382 | Lair:2   | Noticed a black mamba
 10388 | Lair:2   | Killed a black mamba
 10674 | Lair:2   | Found a staircase to the Shoals.
 10988 | Lair:2   | Noticed Nergalle
 10990 | Lair:2   | Found a hole to the Spider Nest.
 10999 | Lair:2   | Killed Nergalle
 11000 | Lair:2   | Reached skill level 11 in Maces & Flails
 11000 | Lair:2   | Gained mutation: Your magical and physical power is
                  | slightly enhanced at high health. [demonic ancestry]
 11000 | Lair:2   | Reached XP level 11. HP: 60/76 MP: 8/11
 11149 | Lair:2   | Reached skill level 1 in Invocations
 11465 | Lair:2   | Noticed Gastronok
 11488 | Lair:2   | Killed Gastronok
 12070 | Lair:3   | Reached ***** piety under Hepliaklqana
 12286 | D:7      | Bought a steaming ruby amulet for 110 gold pieces
 12296 | D:7      | Identified the amulet of Juuplead {Acrobat rPois} (You
                  | bought it in a shop on level 7 of the Dungeon)
 12416 | Lair:1   | Killed a death yak
 12630 | Lair:3   | Noticed a seven-headed hydra
 12637 | Lair:3   | Killed a seven-headed hydra
 12638 | Lair:3   | Reached skill level 12 in Maces & Flails
 12773 | Lair:3   | Reached XP level 12. HP: 65/84 MP: 15/15
 12824 | Lair:3   | Reached skill level 5 in Invocations
 13042 | Lair:3   | Identified Fied's Volume of the Glacier
 13434 | Lair:4   | Noticed a catoblepas
 13472 | Lair:4   | Killed a catoblepas
 14521 | Lair:5   | Found a staircase to the Slime Pits.
 14522 | Lair:5   | Found a viscous altar of Jiyva.
 14572 | Lair:5   | Reached skill level 13 in Maces & Flails
 14664 | Lair:5   | Noticed a death yak
 14703 | Lair:5   | Killed a death yak
 14959 | Lair:5   | Reached XP level 13. HP: 70/91 MP: 18/18
 15711 | Lair:5   | Reached ****** piety under Hepliaklqana
 15901 | Lair:6   | Entered Level 6 of the Lair of Beasts
 15915 | Lair:6   | Reached skill level 10 in Fighting
 15960 | Lair:6   | Noticed Kirke
 16256 | Lair:6   | Killed Kirke
 17270 | Lair:6   | Reached skill level 14 in Maces & Flails
 17436 | Lair:6   | Noticed a dire elephant
 17646 | Lair:6   | Killed a dire elephant
 17766 | Lair:6   | Reached XP level 14. HP: 91/99 MP: 20/20
 18209 | Lair:6   | Reached skill level 10 in Dodging
 19433 | D:9      | Found a basalt altar of Yredelemnul.
 19871 | D:10     | Entered Level 10 of the Dungeon
 20107 | D:10     | Noticed Urug
 20123 | D:10     | Killed Urug
 20808 | D:11     | Found a staircase to the Orcish Mines.
 21028 | D:11     | Reached skill level 1 in Shields
 21140 | D:11     | Found Maniw's Antique Weapon Boutique.
 21145 | D:11     | Bought an ancient hunting sling for 156 gold pieces
 21147 | D:11     | Identified the cursed +1 hunting sling of Causality {venom,
                  | Will+ Int+3} (You bought it in a shop on level 11 of the
                  | Dungeon)
 21380 | Orc:1    | Entered Level 1 of the Orcish Mines
 21391 | Orc:1    | Reached skill level 10 in Armour
 21397 | Orc:1    | Noticed an orc warlord
 21718 | D:12     | Reached skill level 1 in Throwing
 22233 | D:12     | Noticed a white very ugly thing
 22286 | D:12     | HP: 5/101 [white very ugly thing (47)]
 22873 | D:12     | Reached skill level 15 in Maces & Flails
 23748 | D:12     | Killed a red very ugly thing
 23749 | D:12     | Gained mutation: You are completely covered in sharp
                  | spines. [demonic ancestry]
 23749 | D:12     | Reached XP level 15. HP: 87/107 MP: 22/22
 24174 | D:13     | Noticed Gasan's ghost (journeyman DrFE)
 24182 | D:13     | Found a transporter.
 24289 | D:13     | Reached skill level 10 in Invocations
 24452 | D:13     | Found a gate to the Vaults.
 24561 | D:13     | Found a transporter.
 24863 | D:13     | Identified a scroll of acquirement
 24865 | D:13     | Acquired 539 gold pieces
 24960 | D:13     | Noticed Snorg
 24974 | D:13     | Killed Snorg
 25452 | D:14     | Noticed Azrael
 25467 | D:14     | Killed Azrael
 26481 | D:14     | Found a shimmering altar of Xom.
 27833 | Orc:1    | Killed an orc warlord
 28102 | Orc:2    | Entered Level 2 of the Orcish Mines
 28105 | Orc:2    | Noticed Nessos
 28123 | Orc:2    | HP: 4/108 [Nessos/arrow (2)]
 28123 | Orc:2    | Killed from afar by an orc priest

Illustrated notes

Levels and vault maps discovered:
D:1:      dpeg_arrival_refuge, layout_basic
D:2:      layout_basic, nicolae_overflow_hidden_temple, uniq_jessica
D:3:      layout_loops_ring, fedhas_altar_fruit_tree
D:4:      layout_cave_pools, minmay_temple_entry_wispy, serial_shops,
          nicolae_shop_statue_plus
D:5:      layout_loops_corners, vehumet_crystals, lemuel_crystal_altar,
          serial_shops, shop, basic_altar, chequers_serial_rivers_large_a,
          hangedman_abyss_or_decor_jellyfish_corner
D:6:      minmay_octagon_keep, layout_basic, serial_shops, shop_fountains,
          gup_sewer_entry_bowl, hangedman_glass_teeth, trog_butcher_becter
D:7:      layout_cave_pods, overflow_temple_1_default,
          lemuel_coloured_pillars_altar, serial_shops, nicolae_shop_crystal,
          serial_park, serial_park_square2, serial_park_fountain,
          serial_park_tiny_2, serial_park_tiny_2, serial_park_tiny_pond,
          grunt_qazlal_clouds
D:8:      layout_basic, dpeg_lair_monsters
D:9:      layout_basic, lemuel_statue_altar
D:10:     layout_long_grid, minmay_misc_feat_more_columns,
          minmay_dual_archer_statues, uniq_urug
D:11:     layout_long_grid, erik_orc_3, serial_shops, nicolae_shop_statue_plus
D:12:     minmay_the_grid_square_5x5_4x4 [minmay_the_grid_square_5x5_inner_v,
          minmay_the_grid_square_5x5_three,
          minmay_the_grid_square_5x5_hollow_slash,
          minmay_the_grid_square_5x5_broken_cross,
          minmay_the_grid_square_5x5_spiral_small,
          minmay_the_grid_square_5x5_prize_itemx,
          minmay_the_grid_square_5x5_prize_waves,
          minmay_the_grid_square_5x5_fat_x, minmay_the_grid_square_5x5_inset,
          minmay_the_grid_square_5x5_prize_snowflake,
          minmay_the_grid_square_5x5_prize_pseudospiral,
          minmay_the_grid_square_5x5_sharp_hourglass,
          minmay_the_grid_square_5x5_c, minmay_the_grid_square_5x5_lines,
          minmay_the_grid_square_5x5_two_walls_b,
          minmay_the_grid_square_5x5_meh], layout_loops_corners
D:13:     layout_basic, david_vaults_4, gammafunk_ghost_stat_death, uniq_snorg
D:14:     layout_layer_cave, serial_glass, glass_columns_a, glass_columns_a,
          tgw_xom, uniq_azrael
Temple:   minmay_temple_bridge_abc
Lair:1:   layout_loops_ring
Lair:2:   layout_roguey, shoals_dummy_entry, spider_nest_entry_a, uniq_nergalle,
          uniq_gastronok
Lair:3:   layout_gridlike, grunt_megastairs_4, serial_bayou_shore_b
Lair:4:   layout_regular_city, beast_lair_carwin_6, serial_bayou_shore_b,
          lemuel_fruit_tree, grunt_megastairs_5, minmay_lair_oklob_chamber
Lair:5:   layout_misc_corridors, slime_altar_1, st_stairs_13
Lair:6:   hangedman_lair_caniforms_friends, layout_regular_city,
          hangedman_lair_in_review, chequers_serial_rivers_room_a, pond,
          uniq_kirke
Orc:1:    layout_caves
Orc:2:    st_orc_congregation, layout_caves, serial_shops, shop_fountains,
          basic_altar, statue_in_the_mist_lemuel, uniq_nessos

Skill      XL: |  1  2  3  4  5  6  7  8  9 10 11 12 13 14 15 |
---------------+----------------------------------------------+-----
Maces & Flails | 2 3 4 6 7 8 9 11 12 13 14 15 | 15.7
Dodging        | 2 3 4 5 6 7 8 9 10 11 | 11.0
Armour         | 1 2 3 5 6 7 8 9 10 | 10.8
Fighting       | 4 5 6 7 8 9 10 11 12 | 12.1
Invocations    | 4 7 9 10 | 10.9
Shields        | 2 4 |  4.0
Throwing       | 2 3 |  3.0
Stealth        | |  4.5

Action                   |  1- 3 |  4- 6 |  7- 9 | 10-12 | 13-15 || total
-------------------------+-------+-------+-------+-------+-------++-------
Melee: Mace              |    75 |   101 |    14 |       |       ||   190
       Headbutt          |     7 |    15 |    50 |    84 |   225 ||   381
       Whip              |       |       |   254 |       |       ||   254
       Morningstar       |       |       |    51 |   347 |   659 ||  1057
       Unarmed           |       |       |       |       |     8 ||     8
       Great mace        |       |       |       |       |   317 ||   317
Throw: Boomerang         |       |       |     1 |       |       ||     1
       Dart              |       |       |       |     7 |       ||     7
Invok: Ancestor Life: Ba |       |     1 |       |       |       ||     1
       Recall Ancestor   |       |       |       |     2 |     2 ||     4
Evoke: Wand              |       |       |     5 |       |     3 ||     8
  Use: Scroll            |     1 |     1 |       |     5 |    18 ||    25
       Potion            |       |       |       |     6 |     2 ||     8
 Stab: Sleeping          |     4 |     8 |    14 |       |       ||    26
       Distracted        |       |       |       |     5 |    12 ||    17
       Invisible         |       |       |       |     4 |       ||     4
       Petrified         |       |       |       |       |     3 ||     3
       Paralysed         |       |       |       |       |     2 ||     2
Armor: Leather armour    |    10 |    19 |    43 |       |       ||    72
       Chain mail        |       |       |    16 |   204 |   400 ||   620
Dodge: Dodged            |    46 |    58 |   157 |   173 |   551 ||   985
Block: Other             |     4 |     9 |    79 |    90 |   232 ||   414
       Buckler           |       |       |       |       |   107 ||   107
